 Dungeon Crawl Stone Soup version 0.30-a0-778-g2ef04afb54 (webtiles) character file.

Game seed: 13183180030681977741

457 greasedhog the Firebug (level 7, -2/36 HPs)
             Began as a Gargoyle Fire Elementalist on Feb 15, 2023.
             Killed by divine providence
             ... invoked by an orc priest
              (14 damage)
             ... on level 4 of the Dungeon.
             The game lasted 00:05:35 (3568 turns).

greasedhog the Firebug (Gargoyle Fire Elementalist) Turns: 3568, Time: 00:05:35

Health: -2/36      AC:  7    Str: 11    XL:     7   Next: 6%
Magic:  6/13       EV: 11    Int: 18    God:
Gold:   182        SH:  0    Dex: 10    Spells: 4/14 levels left

rFire   . . .      SeeInvis .    e - +5 short sword
rCold   . . .      Faith    .    (no shield)
rNeg    + . .      Spirit   .    a - +0 robe
rPois   ∞          Reflect  .    h - +0 helmet
rElec   +          Harm     .    (no cloak)
rCorr   .          Rampage  .    (no gloves)
Will    .....                    (no boots)
Stlth   ++                       (no amulet)
HPRegen 0.26/turn                (no ring)
MPRegen 0.13/turn                (no ring)

@: no status effects
A: sickness immunity, AC +4, negative energy resistance 1, electricity
resistance, torment resistance 1, petrification resistance
a: no special abilities


You were on level 4 of the Dungeon.
You visited 1 branch of the dungeon, and saw 4 of its levels.

You collected 182 gold pieces.

Inventory:

Hand Weapons
 e - a +5 short sword (weapon)
Armour
 a - a +0 robe (worn)
 h - a +0 helmet (worn)
Wands
 j - a wand of polymorph (6)
 k - a wand of quicksilver (13)
Scrolls
 c - 2 scrolls of enchant weapon
 d - a scroll of vulnerability
 f - a scroll of immolation
 i - a scroll of blinking {unknown}
 l - a scroll of teleportation {unknown}
 q - a scroll of fog {unknown}
Potions
 b - a potion of magic
 g - 2 potions of mutation
 m - a potion of brilliance {unknown}
 n - a potion of might {unknown}
 o - a potion of degeneration {unknown}
 p - a potion of lignification {unknown}


   Skills:
 - Level 1.5 Dodging
 - Level 2.1 Stealth
 * Level 4.4 Spellcasting
 + Level 3.6 Conjurations
 * Level 5.3 Fire Magic


You had 4 spell levels left.
You knew the following spells:

 Your Spells              Type           Power      Damage    Failure   Level
a - Foxfire               Conj/Fire      80%        2x1d8     2%          1
b - Scorch                Fire           46%        2d7       2%          2
c - Inner Flame           Hex/Fire       13%        N/A       14%         3
d - Flame Wave            Conj/Fire      20%        2d7       22%         4

Your spell library contained the following spells:

 Spells                   Type           Power      Damage    Failure   Level
 Kindle Blastsparks       Fire/Tloc/Air  20%        2d11      21%         3
 Lesser Beckoning         Tloc           8%         N/A       22%         2
 Gell's Gravitas          Tloc           4%         N/A       38%         3
 Teleport Other           Tloc           4%         N/A       38%         3


Dungeon Overview and Level Annotations

Branches:
Dungeon (4/15)
 Temple: D:4-7

Altars:
Uskayaw


Innate Abilities, Weirdness & Mutations

You are immune to sickness and miasma.
Your stone body is resilient. (AC +4)
You are immune to poison.
You resist negative energy. (rN+)
You are resistant to electric shocks. (rElec)
You are resistant to unholy torment.
You are immune to petrification.


Message History

You conjure some foxfire!
The orc shouts!
The foxfire hits the orc but does no damage.
An orc priest comes into view. It is wielding a +0 mace.
You conjure some foxfire!
An orc comes into view. It is wielding a +0 short sword.
You conjure some foxfire!
The foxfire hits the orc.
The orc is lightly wounded.
The foxfire hits the orc!
You kill the orc!
The foxfire hits the orc but does no damage. x2
An orc priest comes into view. It is wielding a +0 dagger.
You conjure some foxfire!
The foxfire hits the orc but does no damage. x2
An orc wizard comes into view. It is wielding a +0 dagger.
You conjure some foxfire!
The foxfire hits the orc priest.
The orc priest is moderately wounded.
The foxfire hits the orc.
The orc is lightly wounded.
You conjure some foxfire!
The foxfire hits the orc.
The orc is severely wounded.
The foxfire hits the orc.
The orc is almost dead.
The orc priest calls down the wrath of Beogh upon you.
Beogh smites you!
You conjure some foxfire!
The foxfire hits the orc.
You kill the orc!
The foxfire hits the orc.
The orc is almost dead.
The orc priest calls down the wrath of Beogh upon you.
Pain shoots through your body!
The foxfire hits the orc.
You kill the orc!
The orc wizard casts a spell at you. The magic dart hits you.
The foxfire hits the orc.
The orc is moderately wounded.
An orc comes into view. It is wielding a +0 whip.
The orc priest invokes the aid of Beogh against you.
Beogh smites you!
You die...

##......##..........#....#
##. ##..>.##
..........#...## .#.
#..............###...
#..............#.#..#
##.............##....#
#o.....##.##..........
......##.†#...........
#..................
###@..#......#.#..#.
.).##.#...##.....###..##
...o..o..##....... #.###
......oo..........##..##
.......!o.........#.....
............#.##......##
#.........#######..#....
.....#..... #...##....
#....####... ..........


You could see 2 orc priests and 3 orcs.

Vanquished Creatures
  Grinder (D:3)
  Natasha (thrice) (D:2)
  Terence (D:3)
  Robin (D:1)
  4 adders
  2 ufetubi
  3 dart slugs
  5 orcs
  14 ball pythons
  5 endoplasms
  4 giant cockroaches
  14 goblins
  4 hobgoblins
  7 jackals (D:3)
  5 quokkas
  4 bats
  4 frilled lizards
  2 kobolds
  4 rats
87 creatures vanquished.

Vanquished Creatures (others)
  127 foxfires
127 creatures vanquished.

Grand Total: 214 creatures vanquished

Notes
Turn   | Place    | Note
-------+----------+-------------------------------------------
     0 | D:1      | greasedhog the Gargoyle Fire Elementalist began the quest
                  | for the Orb.
     0 | D:1      | Reached XP level 1. HP: 10/10 MP: 3/3
   329 | D:1      | Reached XP level 2. HP: 11/15 MP: 5/5
   395 | D:1      | Found a faded altar of an unknown god.
   644 | D:2      | Noticed Robin
   671 | D:1      | Killed Robin
   672 | D:1      | Reached XP level 3. HP: 14/19 MP: 0/6
   914 | D:2      | Learned a level 2 spell: Scorch
  1101 | D:2      | Reached XP level 4. HP: 24/24 MP: 5/8
  1240 | D:2      | Noticed Natasha
  1250 | D:2      | Killed Natasha
  1251 | D:2      | Reached skill level 4 in Fire Magic
  1343 | D:2      | Learned a level 3 spell: Inner Flame
  1384 | D:2      | Noticed Natasha
  1879 | D:2      | Killed Natasha
  1880 | D:2      | Reached XP level 5. HP: 11/28 MP: 0/9
  1930 | D:2      | Noticed Natasha
  1936 | D:2      | Killed Natasha
  2132 | D:3      | Noticed Terence
  2145 | D:3      | Killed Terence
  2305 | D:3      | Found a hide-covered altar of Uskayaw.
  2313 | D:3      | Learned a level 4 spell: Flame Wave
  2958 | D:3      | Noticed Grinder
  2977 | D:3      | Killed Grinder
  2978 | D:3      | Reached skill level 5 in Fire Magic
  2978 | D:3      | Reached XP level 6. HP: 20/32 MP: 2/12
  3429 | D:4      | Reached XP level 7. HP: 36/36 MP: 11/13
  3568 | D:4      | Killed from afar by an orc priest

Illustrated notes

Levels and vault maps discovered:
D:1:      psy_arrival_terrarium, layout_loops_ring,
          dreamdust_ecumenical_altar_statues
D:2:      layout_basic, uniq_robin, uniq_natasha
D:3:      layout_loops_corners, mainiacjoe_overflow_brackets, uniq_terence,
          uniq_grinder
D:4:      layout_cave_pools, uniq_menkaure

Skill      XL: |  1  2  3  4  5 |
---------------+----------------+-----
Conjurations   | 2 3 |  3.6
Spellcasting   | 3 4 |  4.4
Fire Magic     | 4 5 |  5.3
Dodging        | |  1.5
Stealth        | |  2.1

Action                     |  1- 3 |  4- 6 |  7- 9 || total
---------------------------+-------+-------+-------++-------
  Melee: Short sword       |    18 |    90 |    10 ||   118
   Cast: Foxfire           |    34 |    32 |    14 ||    80
         Scorch            |       |    14 |       ||    14
    Use: Scroll            |       |     4 |       ||     4
 Armour: Robe              |    18 |    42 |     4 ||    64
  Dodge: Dodged            |    16 |    58 |     5 ||    79

Table legend: (Time is in decaauts)
 A = Elapsed time spent in this place.
 B = Non-inter-level travel time spent in this place.
 C = Inter-level travel time spent in this place.
 D = Time resting spent in this place.
 E = Time spent auto-exploring this place.
 F = Levels seen in this place.
 G = Mean time per level.
                   A        B        C        D        E       F      G
               +--------+--------+--------+--------+--------+-----+--------+
         Total |   3558 |   3453 |    105 |    650 |   2208 |   4 |  889.5 |
       Dungeon |   3558 |   3453 |    105 |    650 |   2208 |   4 |  889.5 |
               +--------+--------+--------+--------+--------+-----+--------+

Top non-repeatable levels by time:
     D:2: 1416 daAuts
     D:3: 1184 daAuts
     D:1: 700 daAuts
     D:4: 256 daAuts
